 Dungeon Crawl Stone Soup version 0.32-a0-699-g1ee5eff (webtiles) character file.

Game seed: 12867305635066549847

16433 Toastz the Markskobold (level 12, -14/78 (80) HPs)
             Began as a Kobold Hunter on Mar 13, 2024.
             Was a High Priest of Okawaru.
             Demolished by a +1 quarterstaff of chaos (19 damage)
             ... on level 1 of the Lair of Beasts.
             The game lasted 00:30:51 (14365 turns).

Toastz the Markskobold (Kobold Hunter)             Turns: 14365, Time: 00:30:51

HP:   -14/78 (80)   AC: 13    Str:  8    XL:     12   Next: 70%
MP:   13/13         EV: 24    Int: 12    God:    Okawaru [*****.]
Gold: 595           SH:  0    Dex: 22    Spells: 11/11 levels left

rFire   . . .        b - +5 orcbow
rCold   . . .        (shield currently unavailable)
rNeg    . . .        H - +0 steam dragon scales
rPois   +            v - +1 helmet
rElec   .            D - +2 cloak {Will+}
rCorr   .            F - +0 pair of gloves
SInv    .            (no boots)
Will    ++...        J - amulet of the acrobat
Stlth   +++          N - ring of willpower
HPRegen 0.33/turn    P - ring of poison resistance
MPRegen 0.13/turn

%: acrobat
@: fragile (+50% incoming damage), slowed, lightly drained, very slow
A: small, no large weapons, nightstalker 3
a: Renounce Religion, Heroism, Finesse, Duel


You were on level 1 of the Lair of Beasts.
You worshipped Okawaru.
Okawaru was extremely pleased with you.
You visited 3 branches of the dungeon, and saw 12 of its levels.
You also visited: Ossuary.

You collected 771 gold pieces.
You spent 176 gold pieces at shops.

Inventory:

Hand Weapons
 a - a +0 heavy shortbow
 b - a +5 orcbow (weapon)
 K - the +8 pair of quick blades "Gyre" and "Gimble" {protect}
   (You found it on level 7 of the Dungeon)
Missiles
 n - 10 atropa-tipped darts
 q - 59 poisoned darts
 B - a throwing net
Armour
 v - a +1 helmet (worn)
 A - +0 acid dragon scales
 D - a +2 cloak of willpower (worn)
 F - a +0 pair of gloves (worn)
 H - +0 steam dragon scales (worn)
Jewellery
 J - an amulet of the acrobat (around neck)
 N - a ring of willpower (left hand)
 O - a ring of ice
 P - a ring of poison resistance (right hand)
Wands
 c - a wand of flame (10)
 u - a wand of light (6)
 I - a wand of iceblast (12)
 L - a wand of mindburst (21)
 M - a wand of polymorph (4)
Scrolls
 d - a scroll of enchant armour {unknown}
 e - 7 scrolls of teleportation
 f - 2 scrolls of amnesia {unknown}
 l - 4 scrolls of immolation
 m - 3 scrolls of fog
 r - 3 scrolls of blinking
 t - a scroll of brand weapon
 w - 2 scrolls of vulnerability
 y - 4 scrolls of revelation
 z - a scroll of noise {unknown}
 G - 2 scrolls of enchant weapon {unknown}
Potions
 g - 2 potions of lignification {unknown}
 h - 3 potions of haste
 i - 2 potions of berserk rage
 j - a potion of attraction
 k - 5 potions of curing
 o - a potion of might
 p - 2 potions of enlightenment {unknown}
 s - 3 potions of heal wounds
 x - 4 potions of brilliance {unknown}
 C - 2 potions of invisibility {unknown}
 E - 2 potions of mutation {unknown}


   Skills:
 + Level 11.6 Fighting
 + Level 15.3 Ranged Weapons
 - Level 5.6 Armour
 + Level 12.4 Dodging
 - Level 1.3 Stealth
 - Level 2.0 Invocations
 - Level 3.0 Evocations


You had 11 spell levels left.
You didn't know any spells.
Your spell library contained the following spells:

 Spells                   Type           Power      Damage    Failure   Level
 Freeze                   Ice            0%         1d3       32%         1
 Magic Dart               Conj           0%         1d3       32%         1
 Shock                    Conj/Air       0%         1d3       32%         1
 Searing Ray              Conj           0%         2d4       45%         2
 Frozen Ramparts          Ice            0%         1d1       69%         3
 Hailstorm                Conj/Ice       0%         3d5       69%         3
 Sigil of Binding         Hex            0%         N/A       69%         3
 Swiftness                Air            0%         N/A       69%         3
 Airstrike                Air            0%         2d(0-16)  97%         4
 Dimensional Bullseye     Hex/Tloc       0%         N/A       97%         4
 Fulminant Prism          Conj/Alch      0%         3d5       97%         4
 Iskenderun's Mystic Bla  Conj/Tloc      0%         2d3       97%         4
 Passage of Golubria      Tloc           0%         N/A       97%         4
 Yara's Violent Unravell  Hex/Alch       0%         3d3       100%        5
 Call Canine Familiar     Summ           Unusable   N/A       N/A         3
 Tukima's Dance           Hex            Unusable   N/A       N/A         3

Dungeon Overview and Level Annotations

Branches:
Dungeon (10/15)            Temple (1/1) D:7            Lair (1/5) D:9
    Orc (0/2) D:10        Ossuary (visited)

Altars:
Ashenzari
Cheibriados
Dithmenos
Elyvilon
Fedhas
Gozag
Hepliaklqana
Kikubaaqudgha
Makhleb
Nemelex Xobeh
Okawaru
Qazlal
Ru
Sif Muna
Trog
Uskayaw
Vehumet
Wu Jian
Xom
Yredelemnul
Zin
The Shining One

Shops:
D:1 ?   D:7 ?

Annotations:
D:2 1 runed translucent door, Crazy Yiuf
Lair:1 asteosic's ghost, novice TeAE


Innate Abilities, Weirdness & Mutations

You are small and have problems with some larger weapons.
You are completely attuned to the shadows.


Message History

Asteosic's ghost gestures wildly while chanting.
Asteosic's ghost blinks!
Aiming: Iceblast
Press: ? - help, Shift-Dir - straight line, f/p - +1 quarterstaff of chaos
Aim: a +1 quarterstaff of chaos (moderately damaged)
The mass of ice explodes!
The iceblast engulfs the +1 quarterstaff of chaos!
The +1 quarterstaff of chaos partially resists.
The +1 quarterstaff of chaos is almost destroyed.
The iceblast engulfs you!
The +1 quarterstaff of chaos misses you.
The +1 quarterstaff of chaos hits you but does no damage.
Your body becomes as fragile as glass!
The +1 quarterstaff of chaos closely misses you.
Aiming: Bolt of Light
Press: ? - help, Shift-Dir - straight line, p - +1 quarterstaff of chaos The bolt of light misses the +1 quarterstaff of chaos.
The +1 quarterstaff of chaos closely misses you.
The +1 quarterstaff of chaos hits you. Asteosic's ghost casts a spell at you.
The zap misses you. x2
Aiming: Iceblast
Press: ? - help, Shift-Dir - straight line The mass of ice explodes!
The iceblast engulfs the +1 quarterstaff of chaos!
The +1 quarterstaff of chaos partially resists.
The +1 quarterstaff of chaos is almost destroyed.
The iceblast engulfs you! The +1 quarterstaff of chaos hits you!!
* * * LOW HITPOINT WARNING * * *
The +1 quarterstaff of chaos hits you.
* * * LOW HITPOINT WARNING * * *
You feel drained.
Asteosic's ghost casts a spell.
Asteosic's ghost blinks!
The +1 quarterstaff of chaos completely misses you.
You feel much better. The +1 quarterstaff of chaos hits you!
* * * LOW HITPOINT WARNING * * *
The +1 quarterstaff of chaos draws strength from your wounds!
The +1 quarterstaff of chaos hits you!
You die...

.............................####
.####...............##.##........
÷# #.......#.......P#.#.....####
.## #............##.##.#P....####
..# #.......P..####>##.##....#.##
.## #####P....##.##.#..#.....#...
.# #....#?_[#.##.##....#.§. .##
#....##(##.##.P#....#.§§ .P#
#......@....#.###.....§≈ .##
#.............###......≈ .#
#....W..§......##...#..§ .#
##...!.........###...#..≈ .##
#....................#).≈ ..#
##........#.............§ #.#
#........#..........#... #.#
#........#...####P..#... #.#
##P##..#P#...# ##......#


You could see a +1 quarterstaff of chaos and asteosic's ghost.

Vanquished Creatures
  Josephine (D:10)
  The ghost of Dwayden the Basher, a journeyman MDSu of Hepliaklqana (D:9)
  Fannar (Lair:1)
  A centaur warrior (D:9)
  4 two-headed ogres
  2 black mambas (Lair:1)
  2 molten gargoyles (Lair:1)
  2 cane toads (Lair:1)
  Maggie (Lair:1)
  A hornet (D:9)
  Sigmund (D:2)
  A shadow (D:9)
  A spriggan (D:7)
  5 wraiths (D:10)
  8 yaks
  2 basilisks
  2 steam dragons
  2 acid dragons
  8 water moccasins
  2 black bears
  3 orc warriors
  A sky beast (D:6)
  An ice beast (D:5)
  2 ogres
  4 wolves (Lair:1)
  4 centaurs
  A phantom (D:5)
  7 kobold brigands
  2 scorpions
  8 bullfrogs
  2 gnoll sergeants
  A burial acolyte (D:8)
  11 wights
  4 killer bees (D:8)
  2 howler monkeys
  2 bombardier beetles
  A bullfrog zombie (Ossuary)
  4 hounds
  A quasit (D:6)
  5 jellies
  3 orc priests
  2 gnoll boudas
  7 mummies (Ossuary)
  4 iguanas
  15 orc wizards
  4 crocodile zombies (Ossuary)
  5 hound zombies (Ossuary)
  4 howler monkey zombies (Ossuary)
  18 gnolls
  2 adders
  2 shadow imps (D:6)
  A white imp (D:8)
  2 ufetubi (D:6)
  3 adder zombies (D:8)
  3 dart slugs
  2 ribbon worms (D:3)
  34 orcs
  3 endoplasms
  3 giant cockroaches
  4 goblins
  8 hobgoblins
  7 jackals
  4 quokkas
  7 ball pythons
  6 ball python zombies (Ossuary)
  7 bats
  2 frilled lizards (D:1)
  A jackal zombie (D:8)
  32 kobolds
  A rat (D:3)
310 creatures vanquished.

Vanquished Creatures (others)
  A kobold (D:9)
1 creature vanquished.

Grand Total: 311 creatures vanquished

Notes
Turn   | Place    | Note
-------+----------+-------------------------------------------
     0 | D:1      | Toastz the Kobold Hunter began the quest for the Orb.
     0 | D:1      | Reached XP level 1. HP: 12/12 MP: 1/1
    80 | D:1      | Found Sajeguab's Magic Scroll Emporium.
   234 | D:1      | Reached XP level 2. HP: 10/18 MP: 2/2
   361 | D:1      | You fall into a shaft and drop 1 floor!
   379 | D:2      | Reached XP level 3. HP: 5/22 MP: 3/3
   383 | D:2      | HP: 1/22 [poisoned by an adder]
   544 | D:2      | Reached skill level 6 in Ranged Weapons
  1101 | D:2      | Reached XP level 4. HP: 24/27 MP: 4/4
  1182 | D:2      | Found a broken altar of Ashenzari.
  1218 | D:2      | Noticed Sigmund
  1241 | D:2      | Killed Sigmund
  1242 | D:2      | Reached skill level 7 in Ranged Weapons
  1242 | D:2      | Reached XP level 5. HP: 16/33 MP: 5/5
  1242 | D:2      | Reached XP level 6. HP: 18/38 MP: 6/6
  1446 | D:2      | Found a runed translucent door.
  1449 | D:2      | Noticed Crazy Yiuf
  1931 | D:3      | Found a blossoming altar of Fedhas.
  2966 | D:4      | Reached skill level 8 in Ranged Weapons
  3106 | D:4      | Found a shimmering blue altar of Sif Muna.
  3125 | D:4      | Reached XP level 7. HP: 43/43 MP: 7/7
  3321 | D:4      | Found a sand-covered staircase.
  3364 | Ossuary  | Entered an ossuary
  3429 | Ossuary  | Reached skill level 5 in Dodging
  3618 | Ossuary  | Reached skill level 9 in Ranged Weapons
  3848 | Ossuary  | Reached XP level 8. HP: 48/48 MP: 8/8
  3906 | Ossuary  | Reached skill level 5 in Fighting
  4592 | D:4      | Reached skill level 10 in Ranged Weapons
  5114 | D:5      | Entered Level 5 of the Dungeon
  5208 | D:4      | Reached skill level 1 in Armour
  5787 | D:5      | Reached XP level 9. HP: 45/55 MP: 9/9
  5960 | D:5      | Reached skill level 11 in Ranged Weapons
  6130 | D:5      | Found a shadowy altar of Dithmenos.
  6906 | D:6      | Reached skill level 12 in Ranged Weapons
  7072 | D:6      | Reached XP level 10. HP: 42/62 MP: 10/10
  7328 | D:6      | Found a hide-covered altar of Uskayaw.
  7849 | D:7      | Found Iraiff's Magic Scroll Shop.
  7854 | D:7      | Bought a scroll of teleportation for 48 gold pieces
  7854 | D:7      | Bought a scroll of identify for 32 gold pieces
  7854 | D:7      | Bought a scroll of identify for 32 gold pieces
  7854 | D:7      | Bought a scroll of identify for 32 gold pieces
  7854 | D:7      | Bought a scroll of identify for 32 gold pieces
  7907 | D:7      | Found a staircase to the Ecumenical Temple.
  7914 | Temple   | Entered the Ecumenical Temple
  7937 | Temple   | Became a worshipper of Warmaster Okawaru
  8183 | D:7      | Reached skill level 13 in Ranged Weapons
  8846 | D:7      | Noticed a two-headed ogre
  8846 | D:7      | Noticed a two-headed ogre
  8855 | D:7      | Killed a two-headed ogre
  8855 | D:7      | Reached * piety under Okawaru
  8855 | D:7      | Killed a two-headed ogre
  8932 | D:7      | Found the +8 pair of quick blades "Gyre" and "Gimble"
                  | {protect}
  9215 | D:8      | Reached skill level 14 in Ranged Weapons
  9595 | D:8      | Reached skill level 1 in Invocations
  9595 | D:8      | Reached XP level 11. HP: 69/69 MP: 11/11
  9894 | D:8      | Found a hazy altar of Hepliaklqana.
 10112 | D:8      | Found a white marble altar of Elyvilon.
 10407 | D:8      | Found an ancient bone altar of Kikubaaqudgha.
 10717 | D:9      | Noticed a two-headed ogre
 10721 | D:9      | Killed a two-headed ogre
 10722 | D:9      | Reached skill level 5 in Armour
 10802 | D:9      | Found a radiant altar of Vehumet.
 10885 | D:9      | Reached skill level 10 in Dodging
 10984 | D:9      | Reached ** piety under Okawaru
 11014 | D:9      | Found a staircase to the Lair.
 11403 | D:9      | Found a runed translucent gate.
 11404 | D:9      | Found a runed translucent gate.
 11405 | D:9      | Found a runed translucent gate.
 11448 | D:9      | Reached skill level 1 in Evocations
 11527 | D:9      | Found an opulent altar of Gozag.
 11942 | D:9      | Noticed Dwayden's ghost (journeyman MDSu)
 11945 | D:9      | Noticed a centaur warrior
 11953 | D:9      | Paralysed by a hornet for 3 turns
 11968 | D:9      | Killed Dwayden's ghost
 11973 | D:9      | Reached skill level 10 in Fighting
 12033 | D:9      | Killed a centaur warrior
 12292 | D:10     | Entered Level 10 of the Dungeon
 12391 | D:10     | Reached *** piety under Okawaru
 12402 | D:10     | Noticed Josephine
 12417 | D:10     | Killed Josephine
 12418 | D:10     | Reached XP level 12. HP: 59/78 MP: 11/13
 12592 | D:10     | Found a staircase to the Orcish Mines.
 12810 | D:10     | Noticed a two-headed ogre
 12815 | D:10     | Killed a two-headed ogre
 13119 | Lair:1   | Entered Level 1 of the Lair of Beasts
 13129 | Lair:1   | Reached **** piety under Okawaru
 13406 | Lair:1   | Reached skill level 15 in Ranged Weapons
 13455 | Lair:1   | Noticed Fannar
 13466 | Lair:1   | Killed Fannar
 13684 | Lair:1   | Found a runed translucent door.
 13689 | Lair:1   | Found a shimmering altar of Xom.
 13689 | Lair:1   | Noticed asteosic's ghost (novice TeAE)
 14100 | Lair:1   | Noticed Maggie
 14113 | Lair:1   | Killed Maggie
 14152 | Lair:1   | Reached ***** piety under Okawaru
 14355 | Lair:1   | Noticed a +1 quarterstaff of chaos
 14364 | Lair:1   | HP: 3/80 [+1 quarterstaff of chaos (31)]
 14365 | Lair:1   | Demolished by a +1 quarterstaff of chaos

Illustrated notes

Levels and vault maps discovered:
D:1:      amcnicky_arrival_double_pillar, layout_loops_ring, serial_shops,
          nicolae_shop_hallway_plus
D:2:      layout_basic, basic_altar, uniq_sigmund, uniq_crazy_yiuf_cottage
D:3:      layout_basic, fedhas_altar_3, kennysheep_donut
D:4:      layout_basic, led_sif_book, enter_ossuary_1
D:5:      layout_cave_pools, grunt_dithmenos_shadows, dk_rats_in_the_wall
D:6:      layout_loops_corners, mainiacjoe_overflow_boulevard, serial_demonic,
          serial_demonic_e, serial_demonic_b, serial_demonic_g,
          serial_demonic_f, serial_library_regret_index_split_case
D:7:      layout_cave_pools, temple_hall, serial_shops, shop,
          hellmonk_guarded_unrand_gyre_and_gimble
D:8:      layout_basic, old_standard_altar, lemuel_zombie_altar_kikubaaqudgha,
          mainiacjoe_overflow_surrounded_room, lemuel_flamethrower_1
D:9:      layout_stronghold, kennysheep_mini, due_lair_maze_entry_diamond,
          ebering_ghost_gozag
D:10:     layout_rooms, david_orc_3, uniq_josephine
Temple:   jpeg_temple_clearing
Lair:1:   layout_gridlike, ebering_ghost_xom, uniq_fannar, uniq_maggie

Skill      XL: |  1  2  3  4  5  6  7  8  9 10 11 12 |
---------------+-------------------------------------+-----
Ranged Weapons | 6 7 8 9 10 12 14 15 | 15.3
Dodging        | 3 4 5 6 7 9 11 12 | 12.4
Fighting       | 3 4 5 7 8 10 11 | 11.6
Armour         | 1 3 4 5 |  5.6
Invocations    | 1 2 |  2.0
Evocations     | 3 |  3.0
Stealth        | |  1.3

Action                     |  1- 3 |  4- 6 |  7- 9 | 10-12 || total
---------------------------+-------+-------+-------+-------++-------
   Fire: Shortbow          |    74 |   121 |   484 |   416 ||  1095
         Orcbow            |       |       |       |   215 ||   215
  Throw: Dart              |       |     4 |     4 |     1 ||     9
 Invoke: Heroism           |       |       |       |     8 ||     8
  Evoke: Wand              |       |       |       |    10 ||    10
    Use: Scroll            |       |     1 |     6 |    10 ||    17
         Potion            |       |       |       |     3 ||     3
 Armour: Leather armour    |    16 |    13 |   135 |    97 ||   261
         Acid dragon scale |       |       |       |    51 ||    51
         Steam dragon scal |       |       |       |    78 ||    78
  Dodge: Dodged            |    23 |    31 |   264 |   537 ||   855

Table legend: (Time is in decaauts)
 A = Elapsed time spent in this place.
 B = Non-inter-level travel time spent in this place.
 C = Inter-level travel time spent in this place.
 D = Time resting spent in this place.
 E = Time spent auto-exploring this place.
 F = Levels seen in this place.
 G = Mean time per level.
                   A        B        C        D        E       F      G
               +--------+--------+--------+--------+--------+-----+--------+
         Total |  14379 |  13798 |    581 |   2820 |   8586 |  13 | 1106.1 |
       Dungeon |  12089 |  11552 |    537 |   1968 |   7586 |  10 | 1208.9 |
        Temple |     46 |      2 |     44 |      0 |      0 |   1 |   46.0 |
          Lair |   1225 |   1225 |      0 |    305 |    791 |   1 | 1225.0 |
       Ossuary |   1017 |   1017 |      0 |    547 |    208 |   1 | 1017.0 |
               +--------+--------+--------+--------+--------+-----+--------+

Top non-repeatable levels by time:
     D:6: 1759 daAuts
     D:9: 1655 daAuts
     D:4: 1544 daAuts
     D:7: 1314 daAuts
     D:8: 1305 daAuts
  Lair:1: 1225 daAuts
     D:2: 1101 daAuts
 Ossuary: 1017 daAuts
     D:3: 900 daAuts
     D:5: 889 daAuts
     D:1: 834 daAuts
    D:10: 784 daAuts
  Temple: 46 daAuts
